[Event "ICC tourney 2438 (75 10)"]
[Site "Internet Chess Club"]
[Date "2021.03.07"]
[Round "6"]
[White "BERKLEY, DARRIN K:drberkley"]
[Black "LIU, FELIX YIPENG:closedforce"]
[Result "0-1"]
[ICCResult "White resigns"]
[WhiteElo "1931"]
[BlackElo "1909"]
[Opening "French: classical, Steinitz variation"]
[ECO "C14"]
[NIC "FR.06"]
[Time "20:02:30"]
[PlyCount "146"]
[TimeControl "4500+10"]

1. e4 e6 2. Nc3 d5 3. d4 Nf6 4. Bg5 Be7 5. e5 Nfd7 6. Bxe7 Qxe7 7. f4 a6 8.
Nf3 c5 9. Be2 Nc6 10. dxc5 Qxc5 11. a3 b5 12. Bd3 Bb7 13. Ne2 Rc8 14. b4
Qa7 15. Qd2 O-O 16. c3 Nb6 17. Qe3 Na4 18. Qxa7 Nxa7 19. Kd2 Nb2 20. Ned4
Nc6 21. Ra2 Na4 22. Rc2 Rc7 23. Rhc1 Bc8 24. Re1 Bd7 25. g4 Rfc8 26. Rec1
Re8 27. h4 Rec8 28. Ng5 h6 29. Ngf3 Rf8 30. h5 Kh8 31. g5 Ne7 32. Nh4 Nc6
33. Bf1 Nb6 34. Nhf3 Ne7 35. Bh3 Rfc8 36. Kd3 Na4 37. g6 fxg6 38. Bxe6 gxh5
39. Bxd7 Rxd7 40. Ne6 Rc4 41. Nfd4 Nc6 42. Nf5 g5 43. Nd6 gxf4 44. Nxc4
bxc4+ 45. Ke2 Rf7 46. Rf1 Nxe5 47. Nxf4 Kh7 48. Nxd5 Rxf1 49. Kxf1 Kg6 50.
Rf2 Kg5 51. Ne3 Ng4 52. Nxg4 hxg4 53. Rc2 h5 54. Kg2 h4 55. Kf2 Kf4 56. Kg2
Ke3 57. Rc1 Kd2 58. Rf1 Kxc3 59. Rf4 Kb3 60. Rxg4 c3 61. b5 c2 62. Rb4+ Kc3
63. Rxa4 c1=Q 64. Rxh4 axb5 65. Rh3+ Kb2 66. Rf3 Qd2+ 67. Kg3 Qc3 68. Rxc3
Kxc3 69. Kf3 Kb3 70. Ke3 Kxa3 71. Kd3 b4 72. Kc2 Ka2 73. Kc1 b3 { White
resigns } 0-1